 Dungeon Crawl Stone Soup version 0.29.1-12-g30fa7ad0bf (webtiles) character file.

Game seed: 17610983852160222942

56 DemonSlayer the Digger (level 3, 0/24 HPs)
             Began as a Demonspawn Earth Elementalist on Jan 4, 2023.
             Slain by an orc
             ... wielding a +0 falchion
              (6 damage)
             ... on level 2 of the Dungeon.
             The game lasted 00:02:11 (1642 turns).

DemonSlayer the Digger (DsEE)                       Turns: 1642, Time: 00:02:11

Health: 0/24       AC:  2    Str:  5 (8)  XL:     3   Next: 69%
Magic:  1/7        EV: 12    Int: 15 (18) God:
Gold:   51         SH:  0    Dex: 10 (13) Spells: 4/7 levels left

rFire   . . .      SeeInvis .   d - +0 hand axe
rCold   . . .      Faith    .   (no shield)
rNeg    + . .      Spirit   .   a - +0 robe
rPois   .          Reflect  .   (no helmet)
rElec   .          Harm     .   (no cloak)
rCorr   .          Rampage  .   (no gloves)
Will    .....                   (no boots)
Stlth   ++........              (no amulet)
HPRegen 0.08/turn               b - ring of positive energy
MPRegen 0.10/turn               (no ring)

@: mighty
A: powered by death 1
a: no special abilities


You were on level 2 of the Dungeon.
You visited 1 branch of the dungeon, and saw 2 of its levels.

You collected 51 gold pieces.

Inventory:

Hand Weapons
 d - a +0 hand axe (weapon)
Armour
 a - a +0 robe (worn)
 k - a +0 cloak
Jewellery
 b - a ring of positive energy (left hand)
Scrolls
 c - 3 scrolls of identify {unknown}
 e - 3 scrolls of butterflies {unknown}
 g - a scroll of magic mapping {unknown}
 h - a scroll of poison {unknown}
Potions
 j - a potion of berserk rage {unknown}


   Skills:
 + Level 2.0 Dodging
 + Level 1.8 Stealth
 + Level 2.7 Spellcasting
 + Level 0.8 Transmutations
 + Level 3.6 Earth Magic


You had 4 spell levels left.
You knew the following spells:

 Your Spells              Type           Power      Damage    Failure   Level
a - Sandblast             Erth           26%        2d8       4%          1
b - Passwall              Tmut/Erth      6%         N/A       12%         2

Your spell library contained the following spells:

 Spells                   Type           Power      Damage    Failure   Level
 Stone Arrow              Conj/Erth      14%        3d7       28%         3
 Petrify                  Tmut/Erth      8%         N/A       63%         4


Dungeon Overview and Level Annotations

Branches:
Dungeon (2/15)

Altars:

Shops:
D:2 *


Innate Abilities, Weirdness & Mutations

You regenerate a little health from kills.


Message History

The orc is heavily wounded.
The orc hits you with a +0 falchion. x2
The blast of sand hits the orc but does no damage.
The orc is heavily wounded.
The orc hits you with a +0 falchion.
The blast of sand hits the orc but does no damage.
The orc is heavily wounded.
The orc hits you but does no damage. The orc hits you with a +0 falchion.
You hit the orc but do no damage.
The orc is heavily wounded.
The orc barely misses you.
You hit the orc but do no damage.
The orc is heavily wounded.
The orc barely misses you. The orc misses you.
Okay, then.
You hit the orc but do no damage.
The orc is heavily wounded.
The orc hits you with a +0 falchion.
It was a potion of degeneration.
There was something very wrong with that liquid.
You feel weakened.
You feel dopey.
You feel clumsy. The orc hits you with a +0 falchion.
It was a potion of might.
You feel very mighty all of a sudden. The orc hits you with a +0 falchion.
* * * LOW HITPOINT WARNING * * *
You completely miss the orc.
The orc is heavily wounded.
The orc barely misses you.
You hit the orc.
The orc is almost dead.
The orc hits you with a +0 falchion.
* * * LOW HITPOINT WARNING * * *
You closely miss the orc.
The orc is almost dead.
The orc barely misses you. x2
You closely miss the orc.
The orc is almost dead.
The orc hits you with a +0 falchion.
You die...

........##.###..... # #
#......#.##>..##. #.
#.####......'.........
.. ...........#.##...##.
#.###.##.....##.........
...........#######.####
.#$##.#.##...## #.#
.......l##.+## #..
.)..#.#lo@..# ### . ..
#.##..# ... ...##..# #.#
#.#.##...# .
...#.......# #.#
#.##...... ...
..##..##..# #. #. #..#
..#


You could see an orc and 2 frilled lizards.

Vanquished Creatures
  2 adders (D:2)
  2 worms (D:2)
  A dart slug (D:1)
  3 ball pythons (D:1)
  4 bats
  4 endoplasms (D:1)
  2 giant cockroaches (D:2)
  2 goblins (D:1)
  3 hobgoblins
  2 jackals (D:1)
  3 frilled lizards
28 creatures vanquished.

Vanquished Creatures (others)
  4 withered plants (D:2)
4 creatures vanquished.

Grand Total: 32 creatures vanquished

Notes
Turn   | Place    | Note
-------+----------+-------------------------------------------
     0 | D:1      | DemonSlayer the Demonspawn Earth Elementalist began the
                  | quest for the Orb.
     0 | D:1      | Reached XP level 1. HP: 13/13 MP: 3/3
   227 | D:1      | Reached skill level 3 in Earth Magic
   312 | D:1      | Gained mutation: You regenerate a little health from kills.
                  | [demonic ancestry]
   312 | D:1      | Reached XP level 2. HP: 19/19 MP: 3/5
   315 | D:1      | Learned a level 2 spell: Passwall
  1038 | D:2      | Found a faded altar of an unknown god.
  1218 | D:2      | Reached XP level 3. HP: 24/24 MP: 1/6
  1527 | D:2      | Found Koahut's General Store.
  1642 | D:2      | Slain by an orc

Illustrated notes

Levels and vault maps discovered:
D:1:      heliophobic_arrival_battle_scene, layout_basic
D:2:      layout_loops_corners, serial_shops, shop, shop,
          ebering_ecumenical_altar_petrified, nrook_mini_backslash,
          grunt_ministairs_1, minmay_diced_spiral

Skill      XL: |  1  2 |
---------------+-------+-----
Earth Magic    | 3 |  3.6
Dodging        | 2 |  2.0
Stealth        | |  1.8
Spellcasting   | |  2.7
Transmutations | |  0.8

Action                   || total
-------------------------++-------
Melee: Hand axe          ||    20
 Cast: Sandblast         ||    52
  Use: Potion            ||     3
Armor: Robe              ||     5
Dodge: Dodged            ||    35
